 Dungeon Crawl Stone Soup version 0.29-a0-1027-gcd8c55af63 (webtiles) character file.

Game seed: 13090654396825077724

3 ytrimaz the Insei (level 1, -1/13 HPs)
             Began as an Octopode Transmuter on Aug 12, 2022.
             Slain by a gnoll
             ... wielding a +0 flail
              (9 damage)
             ... on level 1 of the Dungeon.
             The game lasted 00:00:19 (54 turns).

ytrimaz the Insei (Octopode Transmuter)               Turns: 54, Time: 00:00:20

Health: -1/13      AC:  1    Str:  9    XL:     1   Next: 50%
Magic:  3/3        EV: 13    Int: 15    God:
Gold:   4          SH:  0    Dex: 12    Spells: 3/4 levels left

rFire   . . .      SeeInvis .     - Unarmed
rCold   . . .      Faith    .   (no shield)
rNeg    . . .      Spirit   .   (helmet restricted)
rPois   .          Reflect  .   (no amulet)
rElec   .          Harm     .   (no ring)
rCorr   .          Rampage  .   (no ring)
Will    .....                   (no ring)
Stlth   ++........              (no ring)
HPRegen 0.04/turn               (no ring)
MPRegen 0.08/turn               (no ring)
                                (no ring)
                                (no ring)

@: no status effects
A: almost no armour, amphibious, 8 rings, camouflage 1, gelatinous body 1,
(nimble swimmer 1), tentacles
a: no special abilities


You were on level 1 of the Dungeon.
You visited 1 branch of the dungeon, and saw 1 of its levels.

You collected 4 gold pieces.

Inventory:

Scrolls
 b - a scroll of enchant armour {unknown}
Potions
 a - a potion of lignification


   Skills:
 - Level 1.0 Fighting
 - Level 2.0 Dodging
 + Level 3.1 Unarmed Combat
 + Level 2.0 Spellcasting
 + Level 2.0 Transmutations


You had 3 spell levels left.
You knew the following spells:

 Your Spells              Type           Power      Damage    Failure   Level
a - Beastly Appendage     Tmut           14%        N/A       10%         1

Your spell library contained the following spells:

 Spells                   Type           Power      Damage    Failure   Level
 Wereblood                Tmut           7%         N/A       14%         2
 Spider Form              Tmut/Pois      4%         N/A       41%         3
 Ice Form                 Ice/Tmut       4%         N/A       82%         4


Dungeon Overview and Level Annotations

Branches:
Dungeon (1/15)

Altars:


Innate Abilities, Weirdness & Mutations

You cannot wear most types of armour.
You are amphibious.
You can wear up to eight rings at the same time.
Your skin changes colour to match your surroundings (Stealth+).
Your rubbery body absorbs attacks. (AC +1, EV +1)
((You are camouflaged when in or above water. (Stealth+)))
You have tentacles for arms and can constrict up to eight enemies at once.


Message History

HP restored.
b - a scroll labelled XOIGHO ILYLOEF
Found an escape hatch in the floor.
A giant cockroach comes into view.
A bat comes into view.
Found a stone staircase leading down.
Found an emerald potion.
There are monsters nearby!
An endoplasm comes into view.
The endoplasm quivers.
The giant cockroach barely misses you.
The giant cockroach bites you but does no damage.
The endoplasm moves out of view.
You barely miss the giant cockroach. You grab the giant cockroach.
You constrict the giant cockroach.
The giant cockroach bites you but does no damage.
You tentacle-slap the giant cockroach. You squeeze the giant cockroach.
You kill the giant cockroach!
A gnoll comes into view. It is wielding a +0 flail.
Found a stone staircase leading down.
There are monsters nearby!
A quokka comes into view.
The bat barely misses you. The bat hits you but does no damage.
You tentacle-slap the bat. You grab the bat. You squeeze the bat.
You kill the bat!
Unknown command.
You tentacle-slap the gnoll. Your grab misses the gnoll.
The gnoll is lightly wounded.
The gnoll misses you.
You barely miss the gnoll. Your grab misses the gnoll.
Your squeeze misses the gnoll.
The gnoll is lightly wounded.
The gnoll hits you with a +0 flail. The quokka bites you.
You barely miss the gnoll. You grab the gnoll.
The gnoll is lightly wounded.
You constrict the gnoll, but do no damage.
The gnoll hits you with a +0 flail!
Ouch! That really hurt!
You die...

.............
#>............
..............
.............#
............#
............#
#..#.....g..# .##..
#.##......@>## .....
#.#.......r..# ♣.>..
#.#..........#
♣....##.#..............
♣♣...##.#..........##...
♣♣..#................
...
♣♣....................
..
♣...#...###......#.##..
. ♣.>#..### ##.##..#.#
..


You could see a gnoll and a quokka.

Vanquished Creatures
  A giant cockroach (D:1)
  2 bats (D:1)
3 creatures vanquished.

Notes
Turn   | Place    | Note
-------+----------+-------------------------------------------
     0 | D:1      | ytrimaz the Octopode Transmuter began the quest for the
                  | Orb.
     0 | D:1      | Reached XP level 1. HP: 13/13 MP: 3/3
    54 | D:1      | Slain by a gnoll

Illustrated notes

Levels and vault maps discovered:
D:1:      heliophobic_arrival_henge, layout_rooms,
          hellmonk_ecumenical_altar_heavens_door

Action                   || total
-------------------------++-------
Melee: Unarmed           ||     9
       Constrict         ||     5
       Tentacles         ||     3
Armor: Skin              ||     4
Dodge: Dodged            ||     8

Table legend: (Time is in decaauts)
 A = Elapsed time spent in this place.
 B = Non-inter-level travel time spent in this place.
 C = Inter-level travel time spent in this place.
 D = Time resting spent in this place.
 E = Time spent auto-exploring this place.
 F = Levels seen in this place.
 G = Mean time per level.
                   A        B        C        D        E       F      G
               +--------+--------+--------+--------+--------+-----+--------+
         Total |     53 |     53 |      0 |      0 |     27 |   1 |   53.0 |
       Dungeon |     53 |     53 |      0 |      0 |     27 |   1 |   53.0 |
               +--------+--------+--------+--------+--------+-----+--------+

Top non-repeatable levels by time:
     D:1: 53 daAuts
